 Dungeon Crawl Stone Soup version 0.32-a0-747-gc8563f6773 (webtiles) character file.

Game seed: 1489457134786307687

6 greenreed the Cudgeller (level 1, 0/16 HPs)
             Began as a Coglin Gladiator on Mar 17, 2024.
             Slain by a goblin
             ... wielding a +0 dagger
              (3 damage)
             ... on level 1 of the Dungeon.
             The game lasted 00:00:20 (55 turns).

greenreed the Cudgeller (Coglin Gladiator)            Turns: 55, Time: 00:00:22

Health: 0/16       AC:  4    Str: 14    XL:     1   Next: 90%
Magic:  1/1        EV: 11    Int:  7    God:
Gold:   5          SH:  0    Dex: 15    Spells: 0/0 levels left

rFire   . . .        a - +0 flail {Yamquzzuhalamma}
rCold   . . .        f - +0 dagger {Xiloxoch}
rNeg    . . .        b - +0 leather armour
rPois   .            c - +0 helmet
rElec   .            (no cloak)
rCorr   .            (no gloves)
SInv    .            (no boots)
Will    .....        (amulet unavailable)
Stlth   +            (ring unavailable)
HPRegen 0.22/turn    (ring unavailable)
MPRegen 0.07/turn    (no gizmo)

%: no passive effects
@: revved
A: off-hand wielding, slow wielding, warmup strikes, no jewellery
a: Invent Gizmo


You were on level 1 of the Dungeon.
You visited 1 branch of the dungeon, and saw 1 of its levels.

You collected 5 gold pieces.

Inventory:

Hand Weapons
 a - a +0 flail (weapon) {Yamquzzuhalamma}
 f - a +0 dagger (offhand) {Xiloxoch}
Missiles
 d - 3 throwing nets (quivered)
 e - a javelin
Armour
 b - a +0 leather armour (worn)
 c - a +0 helmet (worn)
Scrolls
 h - a scroll of silence {unknown}


   Skills:
 * Level 2.1 Fighting
 * Level 2.8 Maces & Flails
 - Level 1.7 Throwing
 + Level 0.2 Armour
 + Level 2.7 Dodging


You couldn't memorise any spells.
You didn't know any spells.
Your spell library was empty.

Dungeon Overview and Level Annotations

Branches:
Dungeon (1/15)

Altars:


Innate Abilities, Weirdness & Mutations

You can wield a second weapon in your off-hand.
It takes a long time for you to wield or remove held weapons.
Your first few attacks do less damage.
You cannot equip rings or amulets.


Message History

You kill the kobold!
The frilled lizard hisses.
A hobgoblin comes into view.
A kobold comes into view. It is wielding a +0 dagger.
You see here a scroll labelled INURUF ROIPOR.
You completely miss the goblin with your +0 flail.
You hit the goblin but do no damage.
A kobold comes into view. It is wielding a +0 dagger.
The goblin hits you but does no damage.
The kobold shouts!
You hit the endoplasm with your +0 dagger.
The endoplasm is moderately wounded.
You hit the endoplasm with your +0 flail.
The goblin hits you with a +0 dagger. The endoplasm closely misses you.
You sock the endoplasm with your +0 flail!
You kill the endoplasm!
The goblin completely misses you.
You hit the goblin with your +0 dagger.
The goblin is severely wounded.
You miss the goblin with your +0 flail.
The frilled lizard completely misses you.
The goblin hits you but does no damage.
You barely miss the goblin with your +0 dagger.
The goblin is severely wounded.
You barely miss the goblin with your +0 flail.
The frilled lizard bites you. The kobold hits you but does no damage.
The frilled lizard barely misses you. The goblin hits you with a +0 dagger.
The kobold hits you with a +0 dagger.
You are too injured to fight recklessly!
You are too injured to fight recklessly!
You are too injured to fight recklessly!
You aren't carrying any potions.
As you read the scroll labelled PAQEKA SEMPEA, it crumbles to dust.
You hear a loud clanging noise!
It was a scroll of noise.
You hear an angry hiss. x2
The hobgoblin barely misses you. The kobold hits you with a +0 dagger.
* * * LOW HITPOINT WARNING * * *
The frilled lizard barely misses you. The goblin hits you with a +0 dagger.
You die...

#.# #.ยงยง #.# ####
####.# #. ..#.#.###. #
### #.#.#..... #
#.#.#######.#.######
#.#.#.#...............#
......Kg...)....(...)>##
.....Kg@.######.#....)..
..[...l.)# #.#####.##
.........# #.# #.#
...$.....# #.# #.#
.........# #.# #.#
.........# #.# #.#
#........# #.# #.#
#........# #.#


You could see a hobgoblin, a goblin, 2 kobolds and a frilled lizard.

Vanquished Creatures
  2 endoplasms (D:1)
  A goblin (D:1)
  2 kobolds (D:1)
5 creatures vanquished.

Notes
Turn   | Place    | Note
-------+----------+-------------------------------------------
     0 | D:1      | greenreed the Coglin Gladiator began the quest for the Orb.
     0 | D:1      | Reached XP level 1. HP: 16/16 MP: 1/1
    55 | D:1      | Slain by a goblin

Illustrated notes

Levels and vault maps discovered:
D:1:      dpeg_arrival_fog, layout_basic

Action                     || total
---------------------------++-------
  Melee: Dagger            ||    11
         Flail             ||    10
    Use: Scroll            ||     1
 Armour: Leather armour    ||    10
  Dodge: Dodged            ||    10

Table legend: (Time is in decaauts)
 A = Elapsed time spent in this place.
 B = Non-inter-level travel time spent in this place.
 C = Inter-level travel time spent in this place.
 D = Time resting spent in this place.
 E = Time spent auto-exploring this place.
 F = Levels seen in this place.
 G = Mean time per level.
                   A        B        C        D        E       F      G
               +--------+--------+--------+--------+--------+-----+--------+
         Total |     57 |     57 |      0 |      0 |     31 |   1 |   57.0 |
       Dungeon |     57 |     57 |      0 |      0 |     31 |   1 |   57.0 |
               +--------+--------+--------+--------+--------+-----+--------+

Top non-repeatable levels by time:
     D:1: 57 daAuts
